 Dungeon Crawl Stone Soup version 0.30-a0-719-gcc4359ea44 (webtiles) character file.

Game seed: 11348831859287757262

256 funkygono the Firebug (level 6, -2/32 HPs)
             Began as a Gargoyle Fire Elementalist on Jan 26, 2023.
             Slain by a goblin
             ... wielding a +0 dagger of distortion
             ... led by Robin
              (13 damage)
             ... on level 3 of the Dungeon.
             The game lasted 00:04:34 (3926 turns).

funkygono the Firebug (Gargoyle Fire Elementalist)  Turns: 3926, Time: 00:04:35

Health: -2/32      AC:  9    Str: 11    XL:     6   Next: 15%
Magic:  2/11       EV: 17    Int: 18    God:
Gold:   125        SH:  0    Dex: 10    Spells: 2/12 levels left

rFire   . . .      SeeInvis .    g - +0 quarterstaff
rCold   . . .      Faith    .    (shield currently unavailable)
rNeg    + . .      Spirit   .    a - +0 robe
rPois   ∞          Reflect  .    (no helmet)
rElec   +          Harm     .    (no cloak)
rCorr   .          Rampage  .    x - +2 pair of gloves
Will    .....                    (no boots)
Stlth   ++                       (no amulet)
HPRegen 0.25/turn                m - +5 ring of evasion
MPRegen 0.12/turn                (no ring)

@: very slightly contaminated
A: sickness immunity, AC +4, negative energy resistance 1, electricity
resistance, torment resistance 1, petrification resistance
a: no special abilities


You were on level 3 of the Dungeon.
You visited 1 branch of the dungeon, and saw 3 of its levels.

You collected 125 gold pieces.

Inventory:

Hand Weapons
 d - a +0 club
 g - a +0 quarterstaff (weapon)
 j - a +0 mace
Armour
 a - a +0 robe (worn)
 x - a +2 pair of gloves (worn)
 y - an orb of mayhem
Jewellery
 c - an amulet of faith
 m - a +5 ring of evasion (left hand)
Wands
 l - a wand of flame (19)
 q - a wand of polymorph (9)
Scrolls
 f - 4 scrolls of identify {unknown}
 i - a scroll of magic mapping {unknown}
 k - 2 scrolls of silence {unknown}
 s - a scroll of enchant weapon {unknown}
 t - 3 scrolls of amnesia {unknown}
 u - a scroll of immolation {unknown}
 v - a scroll of fear {unknown}
 z - a scroll of torment {unknown}
Potions
 b - a potion of magic
 e - 4 potions of curing {unknown}
 h - 2 potions of heal wounds {unknown}
 n - a potion of attraction {unknown}
 o - a potion of brilliance {unknown}
 p - 2 potions of lignification {unknown}
 r - a potion of ambrosia {unknown}
 w - a potion of flight {unknown}


   Skills:
 + Level 0.1(0.2) Maces & Flails
 + Level 1.8 Dodging
 - Level 2.1 Stealth
 + Level 3.9 Spellcasting
 + Level 2.7 Conjurations
 + Level 4.7 Fire Magic


You had 2 spell levels left.
You knew the following spells:

 Your Spells              Type           Power      Damage    Failure   Level
a - Foxfire               Conj/Fire      68%        2x1d7     3%          1
b - Scorch                Fire           40%        2d7       3%          2
c - Kindle Blastsparks    Fire/Tloc/Air  18%        2d11      24%         3
d - Flame Wave            Conj/Fire      17%        2d7       32%         4

Your spell library contained the following spells:

 Spells                   Type           Power      Damage    Failure   Level
 Inner Flame              Hex/Fire       12%        N/A       17%         3
 Vhi's Electric Charge    Tloc/Air       6%         N/A       41%         3
 Arcjolt                  Conj/Air       4%         1d14      93%         5
 Maxwell's Capacitive Co  Air            1%         ∞         100%        8


Dungeon Overview and Level Annotations

Branches:
Dungeon (3/15)

Altars:
Ashenzari
Cheibriados
Uskayaw

Annotations:
D:3 Robin


Innate Abilities, Weirdness & Mutations

You are immune to sickness and miasma.
Your stone body is resilient. (AC +4)
You are immune to poison.
You resist negative energy. (rN+)
You are resistant to electric shocks. (rElec)
You are resistant to unholy torment.
You are immune to petrification.


Message History

The foxfire hits the hobgoblin.
You kill the hobgoblin!
The goblin hits you with a +0 dagger of distortion.
Space warps around you.
Unknown command.
The goblin attacks as you move away! The goblin misses you.
The hobgoblin barely misses you. The goblin attacks as you move away!
The goblin hits you with a +0 dagger of distortion.
The hobgoblin hits you but does no damage.
The hobgoblin attacks as you move away!
The hobgoblin hits you but does no damage.
The hobgoblin completely misses you. The goblin attacks as you move away!
The goblin hits you with a +0 dagger of distortion.
Space warps horribly around you.
Casting: Scorch (safe; 3% risk of failure)
Confirm with . or Enter, or press ? or * to list all spells.
You conjure some foxfire!
The hobgoblin barely misses you. The goblin barely misses you.
Casting: Foxfire (safe; 3% risk of failure)
Confirm with . or Enter, or press ? or * to list all spells.
You conjure some foxfire!
The foxfire hits the hobgoblin but does no damage.
The foxfire hits the hobgoblin.
The hobgoblin is severely wounded.
The goblin hits you but does no damage. Space warps around you.
The hobgoblin barely misses you.
The foxfire hits the goblin.
You kill the goblin!
Casting: Foxfire (safe; 3% risk of failure)
Confirm with . or Enter, or press ? or * to list all spells.
You miscast Foxfire.
You are very lightly contaminated with residual magic.
Nothing appears to happen.
The hobgoblin no longer looks unusually strong. x2
The foxfire hits the hobgoblin.
You kill the hobgoblin!
The goblin hits you with a +0 dagger of distortion.
Space warps horribly around you!
You die...

#.# #≈≈..#####...# #.#
##≈≈).#...#####
#.###≈≈≈..'...'..#
#..##≈≈≈).#...#..#
##.#≈≈#########..#...#
#..≈≈#.....†.)..#...#
##...'.....)....#...#
#...'.......§§.#..g#
#...'.......@).#...#
##≈≈#........g.#...#
#≈≈#########gg##''#
##≈≈≈..#...#.ggg..#
#≈≈≈..)...'...g..#
##≈≈..#...#...†..#
#### ############


You could see Robin, 2 hobgoblins and 4 goblins.

Vanquished Creatures
  An orc priest (D:3)
  Terence (D:2)
  Natasha (thrice) (D:2)
  A gnoll (D:1)
  4 adders
  A worm (D:2)
  A dart slug (D:2)
  5 orcs
  4 bats (D:1)
  4 endoplasms
  3 giant cockroaches
  13 goblins
  9 hobgoblins
  3 jackals (D:3)
  A kobold (D:2)
  2 quokkas
  7 ball pythons
  3 frilled lizards
  A rat (D:1)
67 creatures vanquished.

Vanquished Creatures (others)
  234 foxfires
234 creatures vanquished.

Grand Total: 301 creatures vanquished

Notes
Turn   | Place    | Note
-------+----------+-------------------------------------------
     0 | D:1      | funkygono the Gargoyle Fire Elementalist began the quest
                  | for the Orb.
     0 | D:1      | Reached XP level 1. HP: 10/10 MP: 3/3
   161 | D:1      | Reached XP level 2. HP: 15/15 MP: 3/5
   164 | D:1      | Learned a level 2 spell: Scorch
   439 | D:1      | Reached XP level 3. HP: 14/19 MP: 0/6
  1669 | D:2      | Found a broken altar of Ashenzari.
  2182 | D:2      | Noticed Natasha
  2427 | D:2      | Killed Natasha
  2428 | D:2      | Reached skill level 4 in Fire Magic
  2428 | D:2      | Reached XP level 4. HP: 24/24 MP: 3/8
  2444 | D:2      | Noticed Natasha
  2452 | D:2      | Killed Natasha
  2738 | D:2      | Reached XP level 5. HP: 28/28 MP: 6/10
  2742 | D:2      | Learned a level 3 spell: Kindle Blastsparks
  2747 | D:2      | Learned a level 4 spell: Flame Wave
  2795 | D:2      | Noticed Terence
  2807 | D:2      | Killed Terence
  3164 | D:2      | Noticed Natasha
  3264 | D:2      | Killed Natasha
  3428 | D:3      | Found a hide-covered altar of Uskayaw.
  3428 | D:3      | Found a snail-covered altar of Cheibriados.
  3456 | D:3      | Reached XP level 6. HP: 32/32 MP: 6/11
  3689 | D:3      | Noticed an eye of devastation
  3692 | D:3      | Found a faded altar of an unknown god.
  3694 | D:3      | Noticed a great orb of eyes
  3694 | D:3      | Noticed a floating eye
  3694 | D:3      | Noticed a shining eye
  3912 | D:3      | Noticed Robin
  3926 | D:3      | Slain by a goblin

Illustrated notes

Levels and vault maps discovered:
D:1:      matt_arrival_refuge, layout_basic, minmay_misc_feat_doors
D:2:      layout_loops_cross, serial_co_window_serial,
          co_window_of_opportunity_a, co_window_paths_b, co_window_paths_b,
          co_window_corner_a, co_window_of_opportunity_a,
          co_window_of_opportunity_a, co_window_of_opportunity_a,
          co_window_corner_b, co_window_corner_b, co_window_cross_2,
          co_window_broadway_a, co_window_broadway_b, co_window_paths_c,
          co_window_unsneaky_path_a, co_window_4corner_a, co_window_paths_e,
          glass_columns_c, glass_columns_a, basic_altar, uniq_terence,
          uniq_natasha
D:3:      kennysheep_goblin_castle, layout_rooms,
          chequers_temple_overflow_statue_of_worship,
          hellmonk_ecumenical_altar_watching_god

Skill      XL: |  1  2  3  4  5 |
---------------+----------------+-----
Spellcasting   | 3 |  3.9
Fire Magic     | 4 |  4.7
Conjurations   | 2 |  2.7
Maces & Flails | |  0.1
Dodging        | |  1.8
Stealth        | |  2.1

Action                     |  1- 3 |  4- 6 || total
---------------------------+-------+-------++-------
  Melee: Club              |     1 |       ||     1
         Quarterstaff      |     3 |     8 ||    11
         Unarmed           |       |    11 ||    11
   Cast: Foxfire           |    71 |    63 ||   134
         Scorch            |     6 |     4 ||    10
 Armour: Robe              |     2 |     9 ||    11
         Skin              |       |     1 ||     1
  Dodge: Dodged            |    17 |    34 ||    51

Table legend: (Time is in decaauts)
 A = Elapsed time spent in this place.
 B = Non-inter-level travel time spent in this place.
 C = Inter-level travel time spent in this place.
 D = Time resting spent in this place.
 E = Time spent auto-exploring this place.
 F = Levels seen in this place.
 G = Mean time per level.
                   A        B        C        D        E       F      G
               +--------+--------+--------+--------+--------+-----+--------+
         Total |   3948 |   3785 |    163 |     29 |   3149 |   3 | 1316.0 |
       Dungeon |   3948 |   3785 |    163 |     29 |   3149 |   3 | 1316.0 |
               +--------+--------+--------+--------+--------+-----+--------+

Top non-repeatable levels by time:
     D:2: 1847 daAuts
     D:1: 1502 daAuts
     D:3: 598 daAuts
